 Dungeon Crawl Stone Soup version 0.19.1 (webtiles) character file.

431 Patate the Covert (level 6, -1/28 HPs)
             Began as a Spriggan Enchanter on Dec 18, 2016.
             Killed by nerve-wracking pain
             ... invoked by a shadow imp
             ... summoned by Natasha
              (9 damage)
             ... on level 3 of the Dungeon.
             The game lasted 00:12:29 (3385 turns).

Patate the Covert (Spriggan Enchanter)              Turns: 3385, Time: 00:12:31

Health: -1/28      AC:  6    Str:  6    XL:     6   Next: 67%
Magic:  6/11       EV: 22    Int: 17    God:
Gold:   165        SH:  0    Dex: 16    Spells: 3 memorised, 4 levels left

rFire  . . .     SeeInvis +     a - +1 dagger
rCold  . . .     Gourm    .     b - +1 robe
rNeg   . . .     Faith    .     (shield restricted)
rPois  .         Spirit   .     (helmet restricted)
rElec  .         Reflect  .     (no cloak)
rCorr  .         Harm     .     (gloves unavailable)
MR     +....                    (boots unavailable)
Stlth  ++++......               i - amulet of regeneration
                                (no ring)
                                n - +3 ring of protection

@: very quick
A: unfitting armour, see invisible, herbivore 3, speed 3, slow metabolism 2
a: no special abilities


You were on level 3 of the Dungeon.
You were near starving.

You visited 1 branch of the dungeon, and saw 4 of its levels.

You collected 165 gold pieces.

Inventory:

Hand Weapons
 a - a +1 dagger (weapon)
 q - a +3 short sword
Armour
 b - a +1 robe (worn)
Jewellery
 i - an amulet of regeneration (around neck)
 n - a +3 ring of protection (left hand)
Scrolls
 g - 2 scrolls of magic mapping {unknown}
 k - a scroll of teleportation
 l - a scroll of random uselessness {unknown}
 p - a scroll of identify {unknown}
 s - a scroll of recharging {unknown}
Potions
 e - a potion of might {unknown}
 f - 2 potions of degeneration {unknown}
 h - 3 potions of haste {unknown}
 j - a potion of heal wounds {unknown}
 m - a potion of berserk rage {unknown}
Books
 c - a book of Maledictions

   Spells                             Type                      Level
   a - Corona                         Hexes                        1
   b - Ensorcelled Hibernation        Hexes/Ice                    2
   c - Confuse                        Hexes                        3
   d - Tukima's Dance                 Hexes                        3
   e - Dazzling Spray                 Conjuration/Hexes            3
Comestibles
 d - a bread ration
 o - 3 fruits
 r - a slice of pizza


   Skills:
 - Level 1.1 Short Blades
 + Level 6.9 Dodging
 * Level 9.5 Stealth
 - Level 2.6 Spellcasting
 - Level 3.6 Hexes


You had 4 spell levels left.
You knew the following spells:

 Your Spells              Type           Power        Failure   Level  Hunger
a - Corona                Hex            ##.....      4%          1    #......
b - Ensorcelled Hibernat  Hex/Ice        #.....       17%         2    ##.....
c - Confuse               Hex            ##......     14%         3    ###....


Dungeon Overview and Level Annotations

Branches:
Dungeon (4/15)
 Temple: D:4-7

Altars:
Okawaru

Annotations:
D:3 Natasha


Innate Abilities, Weirdness & Mutations

You are very small and have problems with some larger weapons.
You are too small for most types of armour.
You have supernaturally acute eyesight. (SInv)
You are a herbivore.
You cover ground extremely quickly.
You need consume almost no food.


Message History

Natasha is heavily wounded.
Natasha casts a spell.
You hit Natasha but do no damage.
Natasha is heavily wounded.
Natasha claws you.
Casting: Confuse
Confirm with . or Enter, or press ? or * to list all spells.
Aiming: Confuse
Press: ? - help, Shift-Dir - straight line, f - Natasha
Aim: Natasha, carrying a wand of flame {zapped: 4} (heavily wounded, chance to defeat MR: 45%) Natasha appears confused.
Natasha completely misses you.
You hit Natasha.
Natasha is severely wounded.
The crimson imp hits you.
* * * LOW HITPOINT WARNING * * *
Natasha closely misses the crimson imp.
The shadow imp gestures at you. Pain shoots through your body!
You die...

#.##.#####.####
.....# #.....
##.#### ####.. #.#
#.# ##.# #########..
...# #........<. .#
#.#####..##
####5#####.# #..##
#..@5...##.# #....
#.##h##.##.# #..##
#.#...#.##.#####....
#.#...#.##.......###
#.#...#.########## #
#.##.##......#######
#.......####.#......
####.##........#####
#.......#...##...


You could see Natasha (confused), a crimson imp and a shadow imp.

Vanquished Creatures
  2 ogres (D:4)
  A bullfrog (D:3)
  A hound (D:3)
  An orc wizard (D:4)
  An iguana (D:3)
  Terence (D:2)
  2 gnolls (D:3)
  An adder (D:4)
  An adder skeleton (D:4)
  2 dart slugs (D:1)
  2 leopard geckos
  4 orcs (D:4)
  A ball python (D:3)
  3 bats
  2 giant cockroaches
  2 goblins
  8 hobgoblins
  5 jackals (D:2)
  6 kobolds
  A frilled lizard (D:2)
  2 rats
49 creatures vanquished.

Notes
Turn   | Place    | Note
-------+----------+-------------------------------------------
     0 | D:1      | Patate the Spriggan Enchanter began the quest for the Orb.
     0 | D:1      | Reached XP level 1. HP: 9/9 MP: 5/5
   248 | D:1      | Reached XP level 2. HP: 11/13 MP: 6/6
   277 | D:1      | Reached skill level 5 in Stealth
   421 | D:1      | Learned a level 2 spell: Ensorcelled Hibernation
   905 | D:2      | Noticed Terence
   913 | D:2      | Killed Terence
   913 | D:2      | Reached skill level 6 in Stealth
   913 | D:2      | Reached XP level 3. HP: 16/16 MP: 8/8
  1145 | D:2      | Found a faded altar of an unknown god.
  1197 | D:2      | Learned a level 3 spell: Confuse
  1413 | D:3      | Noticed a phantom
  1745 | D:3      | Noticed a bullfrog
  1749 | D:3      | Killed a bullfrog
  1749 | D:3      | Reached skill level 5 in Dodging
  1749 | D:3      | Reached skill level 7 in Stealth
  1749 | D:3      | Reached XP level 4. HP: 21/21 MP: 9/9
  1820 | D:3      | Noticed Natasha
  1991 | D:4      | Found an iron altar of Okawaru.
  2133 | D:4      | Reached XP level 5. HP: 24/24 MP: 10/10
  2434 | D:4      | Noticed an ogre
  2556 | D:4      | Killed an ogre
  2556 | D:4      | Reached skill level 8 in Stealth
  2643 | D:4      | Noticed an ogre
  2655 | D:4      | Killed an ogre
  2655 | D:4      | Reached skill level 9 in Stealth
  2655 | D:4      | Reached XP level 6. HP: 28/28 MP: 6/11
  3385 | D:3      | Killed from afar by a shadow imp

Skill      XL: |  1  2  3  4  5 |
---------------+----------------+-----
Stealth        | 6 7 9 |  9.5
Dodging        | 4 5 6 |  6.9
Short Blades   | |  1.1
Spellcasting   | |  2.6
Hexes          | |  3.6

Action                   |  1- 3 |  4- 6 || total
-------------------------+-------+-------++-------
Melee: Dagger            |   189 |   127 ||   316
       Short sword       |       |     9 ||     9
 Cast: Confuse           |     1 |    12 ||    13
       Ensorcelled Hiber |       |    15 ||    15
  Use: Scroll            |     4 |       ||     4
 Stab: Sleeping          |    12 |    12 ||    24
       Confused          |       |     1 ||     1
  Eat: Fruit             |       |     1 ||     1
Armor: Robe              |    23 |     6 ||    29
Dodge: Dodged            |   149 |   111 ||   260
